TOP OF THE 1ST |
---|
Kalamazoo Royale with Cheese batting - Pitching for Seattle Pikes : RHP Francisco Carrasco | Pitching: RHP Francisco Carrasco | | Batting: LHB Javier Espinoza | 0-0: Ball 1-0: Ball 2-0: Ball 3-0: Base on Balls | Batting: SHB Caden Keith | 0-0: Ball 1-0: Ball 2-0: Foul Ball, location: 2F 2-1: Ball 3-1: Called Strike 3-2: Base on Balls Javier Espinoza to second | Batting: LHB Vincente Sáenz | 0-0: Ball 1-0: Called Strike 1-1: Foul Ball, location: 2F 1-2: Ball 2-2: Strikes out swinging | Batting: LHB Roberto Sandoval | 0-0: Ball 1-0: Ball 2-0: Called Strike 2-1: Ball 3-1: Foul Ball, location: 2F 3-2: Base on Balls Javier Espinoza to third Caden Keith to second | Batting: RHB Zander Tremblett | 0-0: SINGLE (Groundball, 4D) Javier Espinoza scores Caden Keith to third Roberto Sandoval to second Runner from 3rd tries for Home, SAFE, no throw | Batting: LHB Bill McJannett | 0-0: Called Strike 0-1: Ball 1-1: Ball 2-1: Ball 3-1: Base on Balls Roberto Sandoval to third Zander Tremblett to second | Batting: LHB Bob Martin | 0-0: Called Strike 0-1: Foul Ball, location: 2F 0-2: Strikes out swinging | Batting: LHB Francisco Calderón | 0-0: Ball 1-0: Called Strike 1-1: Ball 2-1: Swinging Strike 2-2: Fly out, F8 (Flyball, 8LM) | Top of the 1st over - 2 runs, 1 hit, 0 errors, 3 left on base; Kalamazoo 2 - Seattle 0 | BOTTOM OF THE 1ST |
---|
Seattle Pikes batting - Pitching for Kalamazoo Royale with Cheese : LHP Octávio Ramírez | Pitching: LHP Octávio Ramírez | | Batting: RHB Pete Rideout | 0-0: Called Strike 0-1: Called Strike 0-2: Foul Ball, location: 2F 0-2: Fly out, F7 (Flyball, 7S) | Batting: RHB Iván Gonzáles | 0-0: Ball 1-0: Foul Ball, location: 2F 1-1: Swinging Strike 1-2: Fly out, F8 (Flyball, 8LS) | Batting: LHB Richard Hunter | 0-0: Ball 1-0: Foul Ball, location: 2F 1-1: Foul Ball, location: 2F 1-2: Ball 2-2: DOUBLE (Flyball, 9LD) | Batting: RHB Randy Sheppard | 0-0: Called Strike 0-1: SINGLE (Line Drive, 4MD) Richard Hunter to third Runner from 3rd tries for Home, SAFE, no throw | Batting: RHB Wallace Greene | 0-0: Ball 1-0: SINGLE (Flyball, 8RS) Randy Sheppard to second Runner from 2nd tries for 3rd, OUT! | Bottom of the 1st over - 1 run, 3 hits, 0 errors, 1 left on base; Kalamazoo 2 - Seattle 1 | TOP OF THE 2ND |
---|
Kalamazoo Royale with Cheese batting - Pitching for Seattle Pikes : RHP Francisco Carrasco | Batting: LHB Keith Tillman | 0-0: SINGLE (Line Drive, 4MD) | Batting: LHB Javier Espinoza | 0-0: Called Strike 0-1: Ball 1-1: Ball 2-1: TRIPLE (Line Drive, 9D) Keith Tillman scores | Batting: RHB José Velásquez | 0-0: Called Strike 0-1: Foul Ball, location: 2F 0-2: Strikes out swinging | Batting: LHB Vincente Sáenz | 0-0: Foul Ball, location: 2F 0-1: Foul Ball, location: 2F 0-2: Ball 1-2: Fly out, F9 (Flyball, 89D) Runner from 3rd tags up, SCORES, no throw | Batting: LHB Roberto Sandoval | 0-0: Ball 1-0: Swinging Strike 1-1: Ball 2-1: Swinging Strike 2-2: Foul Ball, location: 2F 2-2: Foul Ball, location: 2F 2-2: Strikes out swinging | Top of the 2nd over - 2 runs, 2 hits, 0 errors, 0 left on base; Kalamazoo 4 - Seattle 1 | BOTTOM OF THE 2ND |
---|
Seattle Pikes batting - Pitching for Kalamazoo Royale with Cheese : LHP Octávio Ramírez | Now in CF: José Velásquez | | Batting: RHB Robinson Pacheco | 0-0: Foul Ball, location: 2F 0-1: Called Strike 0-2: Foul Ball, location: 2F 0-2: Ball 1-2: Ball 2-2: Foul Ball, location: 2F 2-2: Foul Ball, location: 2F 2-2: Ball 3-2: Foul Ball, location: 2F 3-2: Foul Ball, location: 2F 3-2: Foul Ball, location: 2F 3-2: Ground out 2-3 (Groundball, 15S) | Batting: SHB Nate Rhodes | 0-0: Foul Ball, location: 2F 0-1: Foul Ball, location: 2F 0-2: Strikes out swinging | Batting: RHB António López | 0-0: Ball 1-0: Ball 2-0: DOUBLE (Line Drive, 78D) | Batting: LHB John Bond | 0-0: Ball 1-0: Ball 2-0: Called Strike 2-1: Ball 3-1: Called Strike 3-2: Fly out, F8 (Flyball, 8LM) | Bottom of the 2nd over - 0 runs, 1 hit, 0 errors, 1 left on base; Kalamazoo 4 - Seattle 1 | TOP OF THE 3RD |
---|
Kalamazoo Royale with Cheese batting - Pitching for Seattle Pikes : RHP Francisco Carrasco | Batting: RHB Zander Tremblett | 0-0: Called Strike 0-1: Ball 1-1: Foul Ball, location: 2F 1-2: Ball 2-2: Ball 3-2: Ground out 4-3 (Groundball, 4) | Batting: LHB Bill McJannett | 0-0: Called Strike 0-1: Called Strike 0-2: Ball 1-2: Ball 2-2: Ball 3-2: Base on Balls | Pitching: LHP Rubén Rico | | Batting: LHB Bob Martin | 0-0: Called Strike 0-1: Swinging Strike 0-2: Ball 1-2: Strikes out swinging | Batting: LHB Francisco Calderón | 0-0: Ball 1-0: Fly out, F9 (Flyball, 9S) | Top of the 3rd over - 0 runs, 0 hits, 0 errors, 1 left on base; Kalamazoo 4 - Seattle 1 | BOTTOM OF THE 3RD |
---|
Seattle Pikes batting - Pitching for Kalamazoo Royale with Cheese : LHP Octávio Ramírez | Batting: RHB Pete Rideout | 0-0: Ball 1-0: TRIPLE (Flyball, 89XD) | Batting: RHB Iván Gonzáles | 0-0: Swinging Strike 0-1: Foul Ball, location: 2F 0-2: Foul Ball, location: 2F 0-2: Ball 1-2: Ball 2-2: Ball 3-2: Strikes out swinging | Batting: LHB Richard Hunter | 0-0: Foul Ball, location: 2F 0-1: Ball 1-1: Foul Ball, location: 2F 1-2: Ball 2-2: Strikes out swinging | Batting: RHB Randy Sheppard | 0-0: Ball 1-0: Called Strike 1-1: Foul Ball, location: 2F 1-2: DOUBLE (Line Drive, 78S) Pete Rideout scores | Batting: RHB Wallace Greene | 0-0: Fly out, F7 (Flyball, 7LSF) | Bottom of the 3rd over - 1 run, 2 hits, 0 errors, 1 left on base; Kalamazoo 4 - Seattle 2 | TOP OF THE 4TH |
---|
Kalamazoo Royale with Cheese batting - Pitching for Seattle Pikes : LHP Rubén Rico | Batting: LHB Keith Tillman | 0-0: Ground out 4-3 (Groundball, 4S) | Batting: LHB Javier Espinoza | 0-0: Foul Ball, location: 2F 0-1: Called Strike 0-2: Ball 1-2: Foul Ball, location: 2F 1-2: Fly out, F5 (Popup, 56S) | Batting: RHB José Velásquez | 0-0: Called Strike 0-1: DOUBLE (Flyball, 8LXD) | Batting: LHB Vincente Sáenz | 0-0: Swinging Strike 0-1: Swinging Strike 0-2: Ball 1-2: Ball 2-2: Ball 3-2: Strikes out looking | Top of the 4th over - 0 runs, 1 hit, 0 errors, 1 left on base; Kalamazoo 4 - Seattle 2 | BOTTOM OF THE 4TH |
---|
Seattle Pikes batting - Pitching for Kalamazoo Royale with Cheese : LHP Octávio Ramírez | Batting: RHB Robinson Pacheco | 0-0: Ball 1-0: Foul Ball, location: 2F 1-1: Ball 2-1: Ball 3-1: Base on Balls | Batting: SHB Nate Rhodes | 0-0: Called Strike 0-1: Foul Ball, location: 2F 0-2: Ball 1-2: Ball 2-2: SINGLE (Line Drive, 4D) Robinson Pacheco to second | Batting: RHB António López | 0-0: Called Strike 0-1: Fly out, F9 (Flyball, 89M) | Batting: LHB John Bond | 0-0: Ball 1-0: Swinging Strike 1-1: Swinging Strike 1-2: Strikes out looking | Batting: RHB Pete Rideout | 0-0: Ball 1-0: Called Strike 1-1: Foul Ball, location: 2F 1-2: Fly out, F7 (Flyball, 78M) | Bottom of the 4th over - 0 runs, 1 hit, 0 errors, 2 left on base; Kalamazoo 4 - Seattle 2 | TOP OF THE 5TH |
---|
Kalamazoo Royale with Cheese batting - Pitching for Seattle Pikes : LHP Rubén Rico | Batting: LHB Roberto Sandoval | 0-0: Fly out, F8 (Flyball, 78XD) | Batting: RHB Zander Tremblett | 0-0: Called Strike 0-1: Ball 1-1: Foul Ball, location: 2F 1-2: Ball 2-2: Ball 3-2: Base on Balls | Batting: LHB Bill McJannett | 0-0: Called Strike 0-1: Swinging Strike 0-2: Foul Ball, location: 2F 0-2: Strikes out swinging | Batting: LHB Bob Martin | 0-0: Called Strike 0-1: Ball 1-1: Ball 2-1: Foul Ball, location: 2F 2-2: Ground out 4-3 (Groundball, 4) | Top of the 5th over - 0 runs, 0 hits, 0 errors, 1 left on base; Kalamazoo 4 - Seattle 2 | BOTTOM OF THE 5TH |
---|
Seattle Pikes batting - Pitching for Kalamazoo Royale with Cheese : LHP Octávio Ramírez | Batting: RHB Iván Gonzáles | 0-0: Ball 1-0: SINGLE (Flyball, 9S) | Batting: LHB Richard Hunter | 0-0: Swinging Strike 0-1: Ball 1-1: Ball 2-1: Swinging Strike 2-2: SINGLE (Groundball, 6MD) Iván Gonzáles to second Runner from 2nd tries for 3rd, SAFE, no throw | Batting: RHB Randy Sheppard | 0-0: Swinging Strike 0-1: Ball 1-1: Fly out, F8 (Flyball, 78M) | Batting: RHB Wallace Greene | 0-0: Ball 1-0: Ball 2-0: Ball 3-0: Base on Balls Richard Hunter to second | Batting: RHB Robinson Pacheco | 0-0: Grounds into fielders choice 1-2 (Groundball, 13) Richard Hunter to third Wallace Greene to second | Batting: SHB Nate Rhodes | 0-0: Ball 1-0: Swinging Strike 1-1: Called Strike 1-2: Strikes out looking | Bottom of the 5th over - 0 runs, 2 hits, 0 errors, 3 left on base; Kalamazoo 4 - Seattle 2 | TOP OF THE 6TH |
---|
Kalamazoo Royale with Cheese batting - Pitching for Seattle Pikes : LHP Rubén Rico | Batting: LHB Francisco Calderón | 0-0: Ball 1-0: Foul Ball, location: 2F 1-1: SINGLE (Flyball, 89S) | Batting: LHB Keith Tillman | 0-0: Ball 1-0: SINGLE (Groundball, 34D) Francisco Calderón to second Runner from 2nd tries for 3rd, SAFE, no throw | Batting: LHB Javier Espinoza | 0-0: Ball 1-0: Swinging Strike 1-1: Ball 2-1: Ball 3-1: Called Strike 3-2: Base on Balls Keith Tillman to second | Batting: RHB José Velásquez | 0-0: Ball 1-0: DOUBLE (Flyball, 89XD) Francisco Calderón scores Keith Tillman scores Javier Espinoza to third | Pitching: RHP Gil Dickson | | Batting: LHB Vincente Sáenz | 0-0: SINGLE (Line Drive, 78M) Javier Espinoza scores José Velásquez to third | Batting: LHB Roberto Sandoval | 0-0: Ball 1-0: Called Strike 1-1: Foul Ball, location: 2F 1-2: Ball 2-2: Strikes out swinging | Batting: RHB Zander Tremblett | 0-0: Called Strike 0-1: Ball 1-1: Called Strike 1-2: SINGLE (Line Drive, 8LS) José Velásquez scores Vincente Sáenz to second | Batting: LHB Bill McJannett | 0-0: Ball 1-0: Called Strike 1-1: Ball 2-1: Foul Ball, location: 2F 2-2: Ball 3-2: Strikes out looking | Batting: LHB Bob Martin | 0-0: Fly out, F8 (Flyball, 89D) | Top of the 6th over - 4 runs, 5 hits, 0 errors, 2 left on base; Kalamazoo 8 - Seattle 2 | BOTTOM OF THE 6TH |
---|
Seattle Pikes batting - Pitching for Kalamazoo Royale with Cheese : LHP Octávio Ramírez | Pitching: LHP Terry Klassen | | Batting: RHB António López | 0-0: Foul Ball, location: 2F 0-1: Ground out 4-3 (Groundball, 4) | Batting: LHB John Bond | 0-0: Ball 1-0: Swinging Strike 1-1: Called Strike 1-2: Ground out 5-3 (Groundball, 5S) | Batting: RHB Pete Rideout | 0-0: Ball 1-0: Swinging Strike 1-1: Swinging Strike 1-2: Ball 2-2: Foul Ball, location: 2F 2-2: Ball 3-2: Ground out 6-3 (Groundball, 6) | Bottom of the 6th over - 0 runs, 0 hits, 0 errors, 0 left on base; Kalamazoo 8 - Seattle 2 | TOP OF THE 7TH |
---|
Kalamazoo Royale with Cheese batting - Pitching for Seattle Pikes : RHP Gil Dickson | Batting: LHB Francisco Calderón | 0-0: Ball 1-0: Ball 2-0: Called Strike 2-1: SINGLE (Groundball, 56D) | Batting: LHB Keith Tillman | 0-0: Foul Ball, location: 2F 0-1: Grounds into double play, 5-4-3 (Groundball, 56) | Batting: LHB Javier Espinoza | 0-0: Fly out, F5 (Line Drive, 56) | Top of the 7th over - 0 runs, 1 hit, 0 errors, 0 left on base; Kalamazoo 8 - Seattle 2 | BOTTOM OF THE 7TH |
---|
Seattle Pikes batting - Pitching for Kalamazoo Royale with Cheese : LHP Terry Klassen | Batting: RHB Iván Gonzáles | 0-0: Ball 1-0: DOUBLE (Groundball, 5L) | Batting: LHB Richard Hunter | 0-0: Called Strike 0-1: Ball 1-1: Fly out, F9 (Flyball, 89XD) Runner from 2nd tags up, SAFE at 3rd, no throw | Batting: RHB Randy Sheppard | 0-0: DOUBLE (Line Drive, 7D) Iván Gonzáles scores | Batting: RHB Wallace Greene | 0-0: SINGLE (Groundball, 56D) Randy Sheppard to third Runner from 3rd tries for Home, SAFE, throw made home | Pitching: LHP Jason Simpson | | Batting: RHB Robinson Pacheco | 0-0: Grounds into double play, 1-6-3 (Groundball, 13) | Bottom of the 7th over - 2 runs, 3 hits, 0 errors, 0 left on base; Kalamazoo 8 - Seattle 4 | TOP OF THE 8TH |
---|
Kalamazoo Royale with Cheese batting - Pitching for Seattle Pikes : RHP Gil Dickson | Batting: RHB José Velásquez | 0-0: Ball 1-0: Ball 2-0: Ball 3-0: Called Strike 3-1: Swinging Strike 3-2: Strikes out swinging | Batting: LHB Vincente Sáenz | 0-0: Ball 1-0: Fly out, F9 (Flyball, 9LS) | Batting: LHB Roberto Sandoval | 0-0: Ball 1-0: Ball 2-0: Ball 3-0: Called Strike 3-1: Base on Balls | Pitching: RHP José Jiménez | | Batting: RHB Zander Tremblett | 0-0: Fly out, F8 (Flyball, 8LXD) | Top of the 8th over - 0 runs, 0 hits, 0 errors, 1 left on base; Kalamazoo 8 - Seattle 4 | BOTTOM OF THE 8TH |
---|
Seattle Pikes batting - Pitching for Kalamazoo Royale with Cheese : LHP Jason Simpson | Batting: SHB Nate Rhodes | 0-0: Ball 1-0: Ball 2-0: Foul Ball, location: 2F 2-1: Ball 3-1: Swinging Strike 3-2: Foul Ball, location: 2F 3-2: Foul Ball, location: 2F 3-2: Foul Ball, location: 2F 3-2: Ground out U3 (Groundball, 3L) | Batting: RHB António López | 0-0: SINGLE (Groundball, 56D) | Batting: LHB John Bond | 0-0: Swinging Strike 0-1: Foul Ball, location: 2F 0-2: Strikes out swinging | Batting: RHB Pete Rideout | 0-0: Ball 1-0: Ball 2-0: Fielders Choice at 2nd, 6-4 (Groundball, 6) | Bottom of the 8th over - 0 runs, 1 hit, 0 errors, 1 left on base; Kalamazoo 8 - Seattle 4 | TOP OF THE 9TH |
---|
Kalamazoo Royale with Cheese batting - Pitching for Seattle Pikes : RHP José Jiménez | Pitching: LHP Cristián Escobar | | Batting: LHB Bill McJannett | 0-0: Ball 1-0: Ball 2-0: Called Strike 2-1: Ball 3-1: Fly out, F8 (Line Drive, 8LD) | Batting: LHB Bob Martin | 0-0: Called Strike 0-1: Ball 1-1: Foul Ball, location: 2F 1-2: Foul Ball, location: 2F 1-2: Ball 2-2: Strikes out looking | Batting: LHB Francisco Calderón | 0-0: Fly out, F5 (Popup, 56S) | Top of the 9th over - 0 runs, 0 hits, 0 errors, 0 left on base; Kalamazoo 8 - Seattle 4 | BOTTOM OF THE 9TH |
---|
Seattle Pikes batting - Pitching for Kalamazoo Royale with Cheese : LHP Jason Simpson | Batting: RHB Iván Gonzáles | 0-0: Called Strike 0-1: Ball 1-1: Ball 2-1: SOLO HOME RUN (Flyball, 8RD), Distance : 433 ft | Pitching: RHP Frank Davis | | Batting: LHB Richard Hunter | 0-0: Called Strike 0-1: Ball 1-1: Ball 2-1: SINGLE (Line Drive, 6M) | Batting: RHB Randy Sheppard | 0-0: Called Strike 0-1: Swinging Strike 0-2: Ball 1-2: Fly out, F7 (Line Drive, 7) | Batting: RHB Wallace Greene | 0-0: Ball 1-0: Ball 2-0: Fly out, F8 (Line Drive, 8LXD) | Batting: RHB Robinson Pacheco | 0-0: Swinging Strike 0-1: Called Strike 0-2: Strikes out looking | Bottom of the 9th over - 1 run, 2 hits, 0 errors, 1 left on base; Kalamazoo 8 - Seattle 5 | |